AoeStats
← Dolarhyde

Golden Pit

503292005Analyzed
1v1 RM · 2mo ago on Aug 31, 2026· 30m 36s· 2 players
Game mode
Random Map
Map size
Tiny (2 player)
Population
200
Speed
Normal
Resources
Standard
Victory
Conquest
Starting age
Dark Age
Ending age
Imperial Age
RankedLock teamsTeams togetherTeam positionsShared explorationLock speedFull tech treeHidden civsTurbo modeCheats
Victory
Defeat
🇨🇱 Jurchens · Chile
1056
+16
vs
🇺🇸 Franks · United States
1050
-16
Dolarhyde
11:06 Feudal Age
9:21 Loom
11:42 Double-Bit Axe
20:29 Castle Age
20:39 Scale Barding Armor
21:12 Husbandry
21:31 Forging
24:05 Bow Saw
24:31 Gold Mining
CHAMAKIN
0:27 Loom
9:49 Feudal Age
10:33 Double-Bit Axe
19:32 Castle Age
17:46 Horse Collar
18:25 Fletching
18:35 Padded Archer Armor
19:39 Padded Archer Armor
19:33 Gold Mining
Connection lost

Rejoining the realm…

Still unreachable

The connection could not be restored.

Session expired

The server has moved on; the page needs a fresh start.